AoeStats
← Eugenius

Black Forest

508503669Analyzed
4v4 RM · 9d ago on Sep 22, 2026· 16m 47s· 8 players
Game mode
Random Map
Map size
Large (8 player)
Population
200
Speed
Normal
Resources
Standard
Victory
Conquest
Starting age
Dark Age
Ending age
Imperial Age
RankedLock teamsTeams togetherTeam positionsShared explorationLock speedFull tech treeHidden civsTurbo modeCheats
Victory
Defeat
🇺🇸 Italians · United States
1765
+9
🇵🇪 Ethiopians · Peru
1657
+12
1633
+13
🇲🇽 Gurjaras · Mexico
1624
+14
🇫🇷 Spanish · France
1649
-14
🇩🇪 Random · Germany
1624
-14
🇲🇽 Khmer · Mexico
1573
-12
🇺🇸 Random · United States
1473
-8
busy pushing deer
11:59 Feudal Age
16:21 Castle Age
14:37 Double-Bit Axe
15:31 Fishing Lines
17:20 Bow Saw
17:11 Gillnets
Poggle-der-Fisch
3:16 Loom
9:02 Feudal Age
9:05 Man-at-Arms
10:47 Double-Bit Axe
15:30 Fishing Lines
OGN
8:00 Loom
11:47 Feudal Age
15:29 Castle Age
thefacelessz12
0:48 Loom
17:28 Feudal Age
quesarito
0:26 Loom
15:10 Feudal Age
15:42 Double-Bit Axe
§Y¶# Ä
3:00 Loom
9:38 Feudal Age
15:58 Castle Age
14:48 Double-Bit Axe
Eugenius
9:04 Feudal Age
10:40 Fletching
14:47 Loom
CTM | חב"ד ליובאוויט
10:46 Feudal Age
Connection lost

Rejoining the realm…

Still unreachable

The connection could not be restored.

Session expired

The server has moved on; the page needs a fresh start.